 Dungeon Crawl Stone Soup version 0.27-a0-676-gc1da3516c2 (webtiles) character file.

Game seed: 5221149782506802370

106571 ReteAZ the Destroyer (level 15, -2/132 HPs)
             Began as a Demigod Conjurer on Mar 18, 2021.
             Slain by a merfolk
             ... wielding the +8 spear of Superiority {vorpal, rC+}
              (11 damage)
             ... on level 4 of the Shoals.
             The game lasted 01:31:07 (36026 turns).

ReteAZ the Destroyer (Demigod Conjurer)            Turns: 36026, Time: 01:31:07

Health: -2/132     AC: 18    Str: 12    XL:     15   Next: 49%
Magic:  24/35      EV: 22    Int: 32    God:
Gold:   944        SH: 13    Dex: 19    Spells: 21/36 levels left

rFire    . . .     SeeInvis .   E - +5 demon blade (elec)
rCold    . . .     Faith    .   G - +2 buckler
rNeg     . . .     Spirit   .   s - +1 robe of the Doldrums {rPois Will+ Dex+3}
rPois    +         Reflect  +   p - +2 helmet
rElec    .         Harm     .   J - +2 cloak
rCorr    .         Rampage  .   D - +1 pair of gloves
Will     ++...                  v - +2 pair of boots
Stlth    +.........             F - amulet of reflection
HPRegen  0.32/turn              y - +4 ring of evasion
MPRegen  0.24/turn              S - +4 ring of protection

@: marked, very slow
A: high mp 1, forlorn
a: no special abilities


You were on level 4 of the Shoals.
You visited 4 branches of the dungeon, and saw 24 of its levels.

You collected 2354 gold pieces.
You spent 1410 gold pieces at shops.

Inventory:

Hand Weapons
 E - a +5 demon blade of electrocution (weapon)
 U - a +1 vorpal broad axe
Missiles
 T - 3 throwing nets
Armour
 p - a +2 helmet (worn)
 s - the +1 robe of the Doldrums (worn) {rPois Will+ Dex+3}
   (You found it on level 8 of the Dungeon)

   It affects your dexterity (+3).
   It protects you from poison.
   It affects your willpower, your defense against some magical effects.
 t - a +2 robe of resistance
 v - a +2 pair of boots (worn)
 D - a +1 pair of gloves (worn)
 G - a +2 buckler (worn)
 J - a +2 cloak (worn)
 L - the +0 scale mail of the Morning Star {*Contam rF++ rN+ Stlth+}
   (You found it on level 3 of the Shoals)

   It greatly protects you from fire.
   It protects you from negative energy.
   It causes magical contamination when unequipped.
   It makes you more stealthy.
Magical Staves
 h - a staff of conjuration
Jewellery
 i - an amulet of the acrobat
 y - a +4 ring of evasion (right hand)
 F - an amulet of reflection (around neck)
 H - the amulet of the Firefly {RegenMP +Fly rElec Will- Str+8}
   (You bought it in a shop on level 7 of the Dungeon)

   [amulet of magic regeneration]

   It increases your magic regeneration.
   It affects your strength (+8).
   It insulates you from electricity.
   It affects your willpower, your defense against some magical effects.
   It lets you fly.
 M - a ring of resist corrosion
 S - a +4 ring of protection (left hand)
 V - a ring of protection from cold
Wands
 a - a wand of digging (15)
 d - a wand of mindburst (28)
 n - a wand of acid (25)
 z - a wand of random effects (75)
 C - a wand of polymorph (11)
 K - a wand of flame (17)
 Q - a wand of iceblast (25)
Scrolls
 b - 5 scrolls of immolation
 g - a scroll of enchant armour
 j - 10 scrolls of teleportation
 o - 8 scrolls of magic mapping
 q - 2 scrolls of blinking
 u - 9 scrolls of amnesia
 A - 2 scrolls of silence
 I - a scroll of fog
 R - 10 scrolls of identify
 Z - 2 scrolls of fear
Potions
 c - 10 potions of curing
 e - 5 potions of ambrosia
 f - a potion of invisibility
 k - a potion of cancellation
 l - 3 potions of resistance
 m - 5 potions of attraction
 r - 2 potions of magic
 w - 4 potions of lignification
 x - 4 potions of mutation
 B - 3 potions of heal wounds
 N - 2 potions of flight
 O - a potion of haste
 P - 2 potions of brilliance
 X - 6 potions of might


   Skills:
 - Level 12.0 Fighting
 - Level 9.0 Dodging
 - Level 1.7 Stealth
 - Level 4.0 Shields
 + Level 11.3 Spellcasting
 - Level 13.0 Conjurations
 - Level 4.0 Translocations
 - Level 11.0 Fire Magic
 - Level 2.0 Air Magic
 - Level 2.0 Poison Magic
 - Level 6.0 Evocations


You had 21 spell levels left.
You knew the following spells:

 Your Spells              Type           Power      Damage    Failure   Level
a - Magic Dart            Conj           100%       1d8       0%          1
b - Searing Ray           Conj           100%       3d7       1%          2
c - Mephitic Cloud        Conj/Pois/Air  53%        N/A       1%          3
d - Iskenderun's Mystic   Conj/Tloc      64%        2d13      1%          4
e - Fireball              Conj/Fire      38%        3d16      1%          5

Your spell library contained the following spells:

 Spells                   Type           Power      Damage    Failure   Level
 Apportation              Tloc           86%        N/A       1%          1
 Foxfire                  Conj/Fire      100%       2x1d9     1%          1
 Blink                    Tloc           N/A        N/A       1%          2
 Conjure Flame            Conj/Fire      76%        6-21      1%          3
 Dazzling Flash           Conj/Hex       100%       N/A       1%          3
 Gell's Gravitas          Tloc           21%        N/A       1%          3
 Inner Flame              Hex/Fire       52%        N/A       1%          3
 Stone Arrow              Conj/Erth      100%       3d13      1%          3
 Fulminant Prism          Conj/Hex       28%        3d14      1%          4
 Hailstorm                Conj/Ice       56%        3d12      1%          4
 Sticky Flame             Conj/Fire      76%        2d9       1%          4
 Animate Skeleton         Necr           36%        N/A       2%          1
 Beastly Appendage        Tmut           36%        N/A       2%          1
 Corona                   Hex            20%        N/A       2%          1
 Freeze                   Ice            72%        1d9       2%          1
 Sandblast                Erth           36%        2d10      2%          1
 Summon Small Mammal      Summ           72%        N/A       2%          1
 Corpse Rot               Necr/Air       N/A        N/A       2%          2
 Portal Projectile        Hex/Tloc       62%        N/A       3%          3
 Call Imp                 Summ           18%        N/A       4%          2
 Ensorcelled Hibernation  Hex/Ice        36%        N/A       4%          2
 Passwall                 Tmut/Erth      15%        N/A       4%          2
 Slow                     Hex            18%        N/A       4%          2
 Sublimation of Blood     Necr           9%         N/A       4%          2
 Wereblood                Tmut           18%        N/A       4%          2
 Spider Form              Tmut/Pois      12%        N/A       5%          3
 Confusing Touch          Hex            18%        N/A       8%          3
 Frozen Ramparts          Ice            36%        1d5       8%          3
 Ozocubu's Armour         Ice            18%        N/A       8%          3
 Dispel Undead            Necr           18%        3d11      26%         4
 Ice Form                 Ice/Tmut       18%        N/A       26%         4
 Petrify                  Tmut/Erth      18%        N/A       26%         4
 Summon Ice Beast         Ice/Summ       18%        N/A       26%         4
 Summon Forest            Summ/Tloc      15%        N/A       32%         5
 Freezing Cloud           Conj/Ice/Air   25%        6-21      45%         6
 Agony                    Necr           18%        N/A       58%         5
 Blade Hands              Tmut           9%         N/A       58%         5
 Excruciating Wounds      Necr           9%         N/A       58%         5
 Lee's Rapid Deconstruct  Erth           9%         3d8*      58%         5
 Metabolic Englaciation   Hex/Ice        9%         N/A       58%         5
 Yara's Violent Unravell  Hex/Tmut       9%         3d6       58%         5
 Disjunction              Tloc           21%        N/A       100%        8


Dungeon Overview and Level Annotations

Branches:
Dungeon (12/15)            Temple (0/1) D:7            Lair (6/6) D:10
 Shoals (4/4) Lair:3       Spider (0/4) Lair:4        Slime (0/5) Lair:6
    Orc (2/2) D:12            Elf (0/3) Orc:2

Shops:
D:5 *   D:7 *   D:10 !   Orc:2 [(=(:   Shoals:3 (

Portals:
Hell: Lair:6

Annotations:
D:11 2 transporters
Lair:3 1 runed translucent door, Duffy's ghost, journeyman PaFi
Orc:1 2 transporters, Bahelim's ghost, journeyman TrTm


Innate Abilities, Weirdness & Mutations

Your attributes grow dramatically as you level up.
You have an increased reservoir of magic. (+10% MP)
You shall have no god before yourself.


Message History

Drop what? 50/52 slots (_ for help) (? for menu, Esc to quit)
Okay, then.
Unknown command.
You cannot cast spells while unable to breathe!
Unknown command.
Unknown command.
You slash the water elemental!
The water elemental is almost destroyed.
Your lungs strain for air!
The merfolk impaler hits you from afar with a +5 vorpal trident!
A sea snake comes into view.
You block the merfolk's attack. The manticore completely misses you.
The manticore closely misses you. The manticore misses you.
You block the merfolk impaler's attack.
The water elemental completely misses you.
You riposte.
You hit the water elemental.
The water elemental is almost destroyed.
The snapping turtle bites you from afar.
The merfolk aquamancer casts a spell at you.
The torrent of water passes through the water elemental. x2
The torrent of water misses you.
The wave splashes down.
Splash!
You fall into the shallow water.
Moving in this stuff is going to be slow.
You hit the water elemental.
You destroy the water elemental!
You gasp with relief as air once again reaches your lungs.
The merfolk impaler hits you from afar with a +5 vorpal trident!!
The merfolk hits you but does no damage.
You block the manticore's attack. The manticore completely misses you.
The manticore claws you.
The merfolk impaler hits you from afar with a +5 vorpal trident!!
* * * LOW HITPOINT WARNING * * *
x2 The snapping turtle bites you from afar!
* * * LOW HITPOINT WARNING * * *
You block the water elemental's attack.
A merfolk impaler comes into view.
It is wielding a +4 trident of freezing.
A merfolk comes into view.
It is wielding a +0 trident and wearing a +0 scale mail of fire resistance.
The merfolk hits you from afar with the +8 spear of Superiority {vorpal, rC+}!
You die... .........P. ..m #....≈.. ### ..m #..[≈≈. ≈≈# .mm

##≈PP.. ..≈##H# #≈P.P.
..≈#H# #≈≈..P #m.#t#
#PP... ## ..#H# #..###
≈≈≈#≈≈#c#@# #.P###
#≈≈≈H≈#E## ##..##.
≈≈≈≈#≈≈#mSm## ##≈....P #
≈≈≈≈#)≈H≈≈#######≈≈≈.=P.
#####≈≈≈≈≈≈≈≈≈≈≈≈≈≈≈PP≈≈P
≈≈≈≈≈≈≈m≈≈≈≈≈≈≈≈≈≈≈≈≈≈≈
≈m≈≈≈≈≈≈≈≈≈≈≈≈≈≈≈≈≈≈≈).
≈≈≈≈≈≈≈≈≈≈≈≈≈≈≈≈≈≈≈P≈≈PP≈
≈≈≈≈≈≈≈≈≈≈≈≈≈≈†≈≈≈≈≈≈≈≈≈.


You could see 3 merfolk impalers, a sea snake, a merfolk aquamancer, a snapping
turtle, 4 merfolk, 3 manticores, a water elemental and a harpy.

Vanquished Creatures
  A kraken (Shoals:4)
  Kirke (Lair:5)
  A merfolk javelineer (Shoals:3)
  Snorg (D:10)
  5 merfolk impalers
  4 hydras
  A merfolk avatar (Shoals:1)
  3 satyrs
  2 two-headed ogres
  3 orc high priests
  A sixfirhy (Lair:6)
  9 sea snakes
  An unseen horror (D:12)
  A wizard (Lair:6)
  20 harpies
  Pikel (D:7)
  5 lindwurms
  5 orc knights (Orc:2)
  2 wolf spiders (Lair:4)
  5 orc sorcerers (Orc:2)
  9 manticores
  4 ugly things
  2 cyclopes
  An oklob plant (Shoals:1)
  21 fauns
  10 elephants
  5 black mambas
  A centaur zombie (D:11)
  A smoke demon (Lair:6)
  5 water nymphs
  13 merfolk sirens
  A torpor snail (Lair:6)
  11 cane toads
  5 orange demons (Lair:6)
  A gargoyle (D:10)
  A yaktaur (Shoals:3)
  5 rime drakes
  9 komodo dragons
  An ice devil (Lair:6)
  3 polar bears
  A wind drake (Shoals:4)
  7 trolls
  3 meliai (Lair:5)
  A jumping spider (Lair:4)
  12 merfolk
  Prince Ribbit (D:5)
  Grinder (D:4)
  9 blink frogs
  4 slime creatures (D:12)
  10 snapping turtles
  4 water elementals
  3 wyverns
  35 yaks
  2 fire bats (Lair:5)
  3 basilisks
  A fire elemental (Lair:5)
  A hog (Lair:5)
  6 wargs
  10 water moccasins
  4 hell hounds (Lair:6)
  4 sky beasts
  3 black bears
  10 ogres
  6 ice beasts
  3 necrophages
  26 orc warriors
  25 wolves
  7 centaurs
  A lemure (D:7)
  3 phantoms
  A kobold brigand (D:11)
  15 bullfrogs
  A wyvern skeleton (D:6)
  6 scorpions
  15 wights
  A water moccasin skeleton (D:5)
  23 killer bees
  6 howler monkeys
  2 electric eels
  2 quasits (D:10)
  A bullfrog zombie (D:11)
  3 jellies
  2 bullfrog skeletons
  22 orc priests
  5 hounds
  A centaur skeleton (D:5)
  Natasha (twice) (D:4)
  2 iguanas
  28 orc wizards
  8 worker ants
  A killer bee zombie (D:6)
  A hound zombie (D:10)
  A worker ant zombie (D:9)
  15 adders
  2 shadow imps (D:5)
  A white imp (D:10)
  2 ufetubi
  An ooze (D:2)
  An adder skeleton (D:7)
  4 worms
  A dart slug (D:3)
  3 leopard geckos (D:7)
  86 orcs
  5 giant cockroaches
  9 goblins
  10 hobgoblins
  5 jackals
  11 kobolds
  8 quokkas
  5 bats
  5 frilled lizards
  A jackal skeleton (D:4)
  A quokka zombie (D:7)
  5 rats
  2 tentacles (Shoals:4)
719 creatures vanquished.

Vanquished Creatures (others)
  A queen bee (Lair:5)
  A water elemental (Shoals:4)
  A killer bee (Lair:5)
  A bush (D:7)
  66 fungi
  187 plants
  14 tentacles (Shoals:4)
271 creatures vanquished.

Grand Total: 990 creatures vanquished

Notes
Turn   | Place    | Note
-------+----------+-------------------------------------------
     0 | D:1      | ReteAZ the Demigod Conjurer began the quest for the Orb.
     0 | D:1      | Reached XP level 1. HP: 14/14 MP: 5/5
   354 | D:1      | Reached XP level 2. HP: 20/20 MP: 0/7
   432 | D:1      | Reached skill level 4 in Conjurations
   838 | D:1      | Learned a level 2 spell: Searing Ray
  1319 | D:2      | Reached XP level 3. HP: 26/26 MP: 5/9
  1771 | D:2      | Reached XP level 4. HP: 33/33 MP: 10/10
  1991 | D:2      | Reached skill level 5 in Conjurations
  3016 | D:4      | Noticed Grinder
  3017 | D:4      | Paralysed by Grinder for 4 turns
  3023 | D:4      | Killed Grinder
  3024 | D:4      | Reached skill level 6 in Conjurations
  3024 | D:4      | Reached XP level 5. HP: 32/38 MP: 6/13
  3024 | D:4      | Reached XP level 6. HP: 38/45 MP: 6/14
  3329 | D:4      | Noticed Natasha
  3334 | D:4      | Killed Natasha
  3378 | D:4      | Noticed Natasha
  3380 | D:4      | Killed Natasha
  4289 | D:5      | Entered Level 5 of the Dungeon
  4289 | D:5      | Noticed Prince Ribbit
  4422 | D:4      | Learned a level 3 spell: Mephitic Cloud
  4438 | D:5      | Killed Prince Ribbit
  4439 | D:5      | Reached skill level 1 in Shields
  4439 | D:5      | Reached skill level 7 in Conjurations
  4439 | D:5      | Reached skill level 1 in Poison Magic
  4439 | D:5      | Reached XP level 7. HP: 50/50 MP: 10/16
  4486 | D:5      | Reached skill level 1 in Air Magic
  5386 | D:5      | Reached XP level 8. HP: 57/57 MP: 12/18
  5450 | D:5      | Reached skill level 5 in Spellcasting
  5525 | D:5      | Found Tuny's Elemental Accessories.
  6171 | D:6      | Reached skill level 1 in Evocations
  6880 | D:6      | Learned a level 4 spell: Iskenderun's Mystic Blast
  6946 | D:7      | Reached skill level 1 in Translocations
  7376 | D:7      | Found Hituol's Assorted Antiques.
  7385 | D:7      | Bought a runed buckler for 172 gold pieces
  7385 | D:7      | Bought a twitching ruby amulet for 115 gold pieces
  7385 | D:7      | Identified the amulet of the Firefly {RegenMP +Fly rElec
                  | Will- Str+8} (You bought it in a shop on level 7 of the
                  | Dungeon)
  7653 | D:7      | Reached XP level 9. HP: 42/62 MP: 17/21
  7913 | D:7      | Found a staircase to the Ecumenical Temple.
  8265 | D:7      | Noticed Pikel
  8284 | D:7      | Killed Pikel
  9243 | D:8      | Noticed a lindwurm
  9243 | D:8      | Noticed a lindwurm
  9245 | D:8      | Noticed a lindwurm
  9248 | D:8      | Noticed a lindwurm
 10134 | D:9      | Noticed a two-headed ogre
 10148 | D:9      | Killed a two-headed ogre
 10149 | D:9      | Reached XP level 10. HP: 69/69 MP: 17/26
 10875 | D:10     | Entered Level 10 of the Dungeon
 10980 | D:10     | Found Udghalao's Distillery.
 10988 | D:10     | Bought a potion of heal wounds for 60 gold pieces
 10991 | D:10     | Noticed Snorg
 11277 | D:10     | Found a staircase to the Lair.
 11358 | D:10     | Reached skill level 1 in Fighting
 11573 | D:10     | Killed Snorg
 11574 | D:10     | Reached skill level 5 in Fighting
 12109 | D:11     | Found a transporter.
 12109 | D:11     | Found a transporter.
 12111 | D:11     | Noticed a fire giant
 12111 | D:11     | Noticed a storm dragon
 12134 | D:11     | Noticed a manticore
 12144 | D:11     | Killed a manticore
 12157 | D:11     | Noticed a red ugly thing
 12215 | Lair:1   | Entered Level 1 of the Lair of Beasts
 12249 | Lair:1   | Learned a level 5 spell: Fireball
 12295 | Lair:1   | Reached skill level 1 in Fire Magic
 12437 | Lair:1   | Reached XP level 11. HP: 84/91 MP: 22/28
 13788 | Lair:2   | Reached skill level 5 in Fire Magic
 15051 | Lair:3   | Found a staircase to the Shoals.
 15148 | Lair:3   | Found a runed translucent door.
 15168 | Lair:3   | Noticed Duffy's ghost (journeyman PaFi)
 15348 | Lair:3   | Noticed an eight-headed hydra
 15365 | Lair:3   | Killed an eight-headed hydra
 15366 | Lair:3   | Reached XP level 12. HP: 28/106 MP: 18/29
 16133 | Lair:4   | Reached skill level 10 in Fighting
 16284 | Lair:4   | Noticed a seven-headed hydra
 16287 | Lair:4   | Killed a seven-headed hydra
 17154 | Lair:4   | Reached skill level 10 in Fire Magic
 17238 | Lair:4   | Found a hole to the Spider Nest.
 17723 | D:4      | Identified Sif Muna's Collected Works on Ice
 17968 | D:8      | Identified the Tome of Translocation
 17974 | D:8      | Identified the +1 robe of the Doldrums {rPois Will+ Dex+3}
 18201 | Lair:5   | Noticed a six-headed hydra
 18881 | Lair:5   | Killed a six-headed hydra
 19409 | Lair:5   | Reached skill level 5 in Dodging
 19474 | Lair:5   | Reached skill level 8 in Conjurations
 19544 | Lair:5   | Noticed Kirke
 19627 | Lair:5   | Noticed a sphinx
 19627 | Lair:5   | Killed Kirke
 19628 | Lair:5   | Reached XP level 13. HP: 113/113 MP: 1/30
 20005 | Lair:6   | Entered Level 6 of the Lair of Beasts
 20161 | Lair:6   | Found a staircase to the Slime Pits.
 20617 | Lair:6   | Reached skill level 9 in Conjurations
 21509 | Lair:6   | Reached skill level 10 in Conjurations
 21691 | Lair:6   | Found a gateway to Hell.
 23607 | D:12     | Found a staircase to the Orcish Mines.
 24009 | D:12     | Identified Sif Muna's Guide on Snow
 24662 | Orc:1    | Entered Level 1 of the Orcish Mines
 24743 | Orc:1    | Reached skill level 11 in Conjurations
 25209 | Orc:1    | Found a transporter.
 25241 | Orc:1    | Reached XP level 14. HP: 121/121 MP: 18/31
 25496 | Orc:1    | Found a transporter.
 25516 | Orc:1    | Noticed Bahelim's ghost (journeyman TrTm)
 25518 | Orc:1    | Identified the +6 morningstar "Kekutoxe" {antimagic, Int+6}
 25589 | Orc:2    | Entered Level 2 of the Orcish Mines
 25964 | Orc:2    | Found a staircase to the Elven Halls.
 26310 | Orc:2    | Found Senic's Armour Emporium.
 26375 | Orc:2    | Paralysed by an orc sorcerer for 4 turns
 26810 | Orc:2    | Reached skill level 12 in Conjurations
 27589 | Orc:2    | Found Libra's Weapon Emporium.
 27594 | Orc:2    | Found Runugibb's Antique Weapon Boutique.
 27601 | Orc:2    | Found Doliut's Book Boutique.
 27603 | Orc:2    | Found Junisch's Jewellery Emporium.
 27623 | Orc:2    | Bought a +2 demon blade of electrocution for 643 gold
                  | pieces
 27887 | Shoals:1 | Entered Level 1 of the Shoals
 28410 | Orc:2    | Bought an amulet of reflection for 420 gold pieces
 32294 | Shoals:2 | Reached XP level 15. HP: 91/132 MP: 2/33
 33332 | Shoals:3 | Reached skill level 10 in Spellcasting
 33332 | Shoals:3 | Reached skill level 13 in Conjurations
 34115 | Shoals:3 | Identified the +0 scale mail of the Morning Star {*Contam
                  | rF++ rN+ Stlth+}
 34243 | Shoals:3 | Found Ysykkaorgh's Antique Weapon Boutique.
 34591 | Shoals:4 | Entered Level 4 of the Shoals
 34593 | Shoals:4 | Noticed a kraken
 34954 | Shoals:4 | Noticed a kraken
 35083 | Shoals:4 | Killed a kraken
 36015 | Shoals:4 | Identified the +8 spear of Superiority {vorpal, rC+}
 36026 | Shoals:4 | Slain by a merfolk

Illustrated notes

Levels and vault maps discovered:
D:1:      elethiomel_arrival_infinity_welcomes_careful_drivers, layout_basic,
          minmay_tree_intersection
D:2:      layout_basic, overflow_temple_1_default
D:3:      layout_rooms, grunt_temple_overflow_open, evilmike_ruin_ashenzari
D:4:      layout_loops_cross, minmay_misc_feat_four_crosses, led_sif_book,
          uniq_grinder, uniq_natasha
D:5:      layout_basic, nicolae_elemental_shop, chequers_serial_rivers_micro_b,
          uniq_prince_ribbit1
D:6:      layout_gridville, chequers_temple_overflow_statue_of_worship
D:7:      layout_basic, nicolae_overflow_crystal_walls, temple_green,
          serial_shops, shop, kb_lookout_dungeons_type, uniq_pikel
D:8:      layout_basic, nicolae_hepliaklqana_hippocampus, minmay_lindwurm_lava
D:9:      layout_basic
D:10:     layout_basic, grunt_lair_entry_orc_guard_hut, serial_shops,
          shop_statue, uniq_snorg
D:11:     gammafunk_sealed_arena, layout_long_grid, fungi_pond_lemuel
D:12:     layout_long_grid, erik_orc_4, chequers_serial_rivers_micro_d
Lair:1:   layout_gridlike
Lair:2:   layout_gridlike
Lair:3:   layout_big_grid, minmay_shoals_entry_hut, ebering_ghost_inner_flame,
          wad_woods_road_03, minivault_23
Lair:4:   layout_cave_pods, spider_nest_entry_funnel_web
Lair:5:   layout_gridlike, special_room [special_room_bee], minivault_23,
          uniq_kirke
Lair:6:   evil_forest, layout_long_grid, slime_altar_1,
          infiniplex_staircase_pool_2
Shoals:1: layout_shoals, lemuel_oklob_altar
Shoals:2: layout_shoals, hangedman_feature_mirror
Shoals:3: layout_shoals, serial_shops, nicolae_shop_crystal,
          nicolae_shoals_seven_spires, yaktaur_hedge
Shoals:4: shoals_end_hangedman, layout_shoals, overgrown_hall
Orc:1:    layout_diamond_mine, basic_altar, gammafunk_ghost_wrathful_warriors,
          nicolae_volcano_entry_lava_flow
Orc:2:    st_orc_elflike, layout_caves, serial_shops, nicolae_shop_trees

Skill      XL: |  1  2  3  4  5  6  7  8  9 10 11 12 13 14 15 |
---------------+----------------------------------------------+-----
Spellcasting   | 2 3 4 6 8 9 11 | 11.3
Conjurations   | 4 6 7 8 11 12 13 | 13.0
Shields        | 1 3 4 |  4.0
Poison Magic   | 1 2 |  2.0
Air Magic      | 2 |  2.0
Evocations     | 3 6 |  6.0
Translocations | 2 4 |  4.0
Fighting       | 6 9 10 11 12 | 12.0
Fire Magic     | 2 7 10 11 | 11.0
Dodging        | 5 9 |  9.0
Stealth        | |  1.7

Action                   |  1- 3 |  4- 6 |  7- 9 | 10-12 | 13-15 || total
-------------------------+-------+-------+-------+-------+-------++-------
Melee: Staff             |    11 |       |    18 |    29 |    48 ||   106
       Spear             |       |       |    26 |       |       ||    26
       Falchion          |       |       |       |     1 |       ||     1
       Demon blade       |       |       |       |       |    82 ||    82
 Cast: Magic Dart        |    72 |   111 |   229 |   181 |   347 ||   940
       Searing Ray       |     2 |    10 |    65 |   101 |   208 ||   386
       Mephitic Cloud    |       |       |    10 |    10 |    18 ||    38
       Iskenderun's Myst |       |       |     1 |    58 |   125 ||   184
       Fireball          |       |       |       |    57 |   151 ||   208
 Abil: Evoke Flight      |       |       |       |     2 |       ||     2
Evoke: Wand              |       |       |       |       |     5 ||     5
  Use: Scroll            |       |       |       |    25 |    14 ||    39
       Potion            |       |       |       |     1 |     2 ||     3
 Stab: Sleeping          |     1 |       |       |       |       ||     1
Armor: Robe              |     5 |       |    18 |    27 |   103 ||   153
Dodge: Dodged            |    23 |    11 |    59 |   152 |   357 ||   602
Block: Buckler           |       |       |    26 |    64 |   262 ||   352
       Reflection        |       |       |       |       |    27 ||    27
       Rpst.: Falchion   |       |       |       |    12 |       ||    12
       Demon blade       |       |       |       |       |    23 ||    23

Table legend: (Time is in decaauts)
 A = Elapsed time spent in this place.
 B = Non-inter-level travel time spent in this place.
 C = Inter-level travel time spent in this place.
 D = Time resting spent in this place.
 E = Time spent auto-exploring this place.
 F = Levels seen in this place.
 G = Mean time per level.
                   A        B        C        D        E       F      G
               +--------+--------+--------+--------+--------+-----+--------+
         Total |  36415 |  33528 |   2887 |   8693 |  18163 |  24 | 1517.3 |
       Dungeon |  15906 |  14644 |   1262 |   1544 |  10577 |  12 | 1325.5 |
          Lair |  10163 |   9285 |    878 |   2554 |   4831 |   6 | 1693.8 |
        Shoals |   7407 |   6953 |    454 |   3865 |   1459 |   4 | 1851.8 |
  Orcish Mines |   2937 |   2645 |    292 |    729 |   1294 |   2 | 1468.5 |
               +--------+--------+--------+--------+--------+-----+--------+

Top non-repeatable levels by time:
Shoals:3: 2740 daAuts
  Lair:3: 2351 daAuts
Shoals:2: 2193 daAuts
   Orc:2: 2106 daAuts
Shoals:1: 2039 daAuts
  Lair:4: 1863 daAuts
     D:7: 1862 daAuts
    D:12: 1745 daAuts
  Lair:6: 1726 daAuts
  Lair:5: 1578 daAuts
     D:5: 1554 daAuts
  Lair:1: 1527 daAuts
     D:8: 1510 daAuts
     D:4: 1454 daAuts
    D:11: 1347 daAuts
